 Dungeon Crawl Stone Soup version 0.20.1-1-g8b1a95d (console) character file.

704 hilaritas the Carver (level 7, 0/58 HPs)
             Began as a Minotaur Gladiator on Dec 30, 2017.
             Was a Follower of Uskayaw.
             Slain by Prince Ribbit (14 damage)
             ... on level 5 of the Dungeon.
             The game lasted 00:10:02 (4188 turns).

hilaritas the Carver (Minotaur Gladiator)           Turns: 4188, Time: 00:10:03

Health: 0/58       AC: 13    Str: 20    XL:     7   Next: 39%
Magic:  4/7        EV:  6    Int:  6    God:    Uskayaw [*.....]
Gold:   136        SH:  0    Dex: 11    Spells: 6/6 levels left

rFire    + . .     SeeInvis .   a - +1 long sword
rCold    . . .     Gourm    .   (no shield)
rNeg     . . .     Faith    .   l - +1 plate armour
rPois    .         Spirit   .   c - +0 hat
rElec    .         Reflect  .   A - +0 cloak
rCorr    .         Harm     .   (no gloves)
MR       .....                  w - +0 pair of boots
Stlth    ..........             (no amulet)
Regen    0.2/turn               g - ring of protection from fire
MPRegen  0.1/turn               (no ring)

@: no status effects
A: retaliatory headbutt, horns 2
a: Stomp, Renounce Religion


You were on level 5 of the Dungeon.
You worshipped Uskayaw.
Uskayaw was noncommittal.
You were very hungry.

You visited 1 branch of the dungeon, and saw 5 of its levels.

You collected 248 gold pieces.
You spent 112 gold pieces at shops.

Inventory:

Hand Weapons
 a - a +1 long sword (weapon)
 b - a +0 dagger of venom
 v - a +0 long sword
Missiles
 d - 3 throwing nets (quivered)
 o - 4 tomahawks of returning
Armour
 c - a +0 hat (worn)
 l - a +1 plate armour (worn)
 w - a +0 pair of boots (worn)
 A - a +0 cloak (worn)
Jewellery
 g - a ring of protection from fire (left hand)
Wands
 x - a wand of acid (12/15)
 D - a wand of scattershot (3/9)
Scrolls
 s - 2 scrolls of magic mapping
 t - a scroll of amnesia
 y - 2 scrolls of remove curse
 z - 2 scrolls of blinking
 C - a scroll of teleportation
Potions
 e - a potion of curing {unknown}
 h - a potion of flight {unknown}
 i - 3 potions of brilliance
 j - 3 potions of heal wounds
 m - a potion of mutation {unknown}
 n - a potion of cancellation {unknown}
 p - 2 potions of agility
 q - a potion of haste {unknown}
 r - a potion of degeneration {unknown}
Comestibles
 f - 2 bread rations
 k - 3 meat rations
 u - 2 fruits
 B - a royal jelly


   Skills:
 + Level 3.9 Fighting
 * Level 9.6 Long Blades
 - Level 2.0 Throwing
 - Level 3.2 Dodging
 * Level 1.8 Invocations


You had 6 spell levels left.
You didn't know any spells.

Dungeon Overview and Level Annotations

Branches:
Dungeon (5/15)
 Temple: D:4-7

Altars:
Cheibriados
Hepliaklqana
Uskayaw

Shops:
D:4 *   D:5 [

Annotations:
D:5 Prince Ribbit


Innate Abilities, Weirdness & Mutations

You reflexively headbutt those who attack you in melee.
You have a pair of horns on your head.


Message History

Prince Ribbit barely misses you.
You riposte.
Your plate armour prevents you from hitting Prince Ribbit.
Your headbutt misses Prince Ribbit.
Prince Ribbit is heavily wounded.
Prince Ribbit croaks regally.
Prince Ribbit blinks!
Prince Ribbit hits you but does no damage.
Prince Ribbit blinks!
Prince Ribbit blinks!
You closely miss Prince Ribbit. Your headbutt misses Prince Ribbit.
Prince Ribbit is heavily wounded.
Prince Ribbit hits you but does no damage.
You closely miss Prince Ribbit.
Prince Ribbit is heavily wounded.
Prince Ribbit hits you!
Prince Ribbit hits you but does no damage.
You hit Prince Ribbit.
Prince Ribbit is heavily wounded.
Prince Ribbit hits you!
You die...

### ### #.# ## ####.. #.# #..
./#.# #.# #.# #.#.# # # #.#
######.#####.#.####.#####.#######
...>...........F.................
.##.##.#.###....@.........#######
.#.......# #.#.#....###....##....
.'.......# #.#.#....+.'..........
.#.......###.#.....$###..........
.#..............##### #....#.####
.#....<.####.#..#######....#.#
.......... ................#.#
.##+##.##################.##.#
.............############.##.####
.##..............................
.#####.#################..##.#.##


You could see Prince Ribbit.

Vanquished Creatures
  Edmund (D:4)
  An ice beast (D:4)
  The ghost of tarantulino the Changer, an amateur DrTm (D:3)
  2 scorpions (D:4)
  A crimson imp (D:5)
  Crazy Yiuf (D:4)
  Jessica (D:2)
  Ijyb (D:5)
  2 worker ants (D:4)
  A hound zombie (D:5)
  A worker ant zombie (D:5)
  4 adders
  A shadow imp (D:5)
  6 worms
  3 dart slugs
  2 leopard geckos
  3 orcs
  3 giant cockroaches
  8 goblins
  13 hobgoblins
  6 kobolds
  3 quokkas
  A ball python (D:1)
  10 bats
  5 frilled lizards
  3 jackal skeletons (D:4)
  7 rats
91 creatures vanquished.

Notes
Turn   | Place    | Note
-------+----------+-------------------------------------------
     0 | D:1      | hilaritas the Minotaur Gladiator began the quest for the Orb.
     0 | D:1      | Reached XP level 1. HP: 18/18 MP: 0/0
    86 | D:1      | Reached skill level 4 in Long Blades
   140 | D:1      | Reached XP level 2. HP: 20/25 MP: 1/1
   903 | D:1      | Reached skill level 5 in Long Blades
  1073 | D:2      | Noticed Jessica
  1076 | D:2      | Killed Jessica
  1076 | D:2      | Reached XP level 3. HP: 30/30 MP: 2/2
  1235 | D:2      | Reached XP level 4. HP: 37/37 MP: 3/3
  1396 | D:2      | Reached skill level 6 in Long Blades
  1621 | D:3      | Noticed tarantulino's ghost (amateur DrTm)
  1633 | D:3      | Killed tarantulino's ghost
  1633 | D:3      | Reached skill level 7 in Long Blades
  1633 | D:3      | Reached XP level 5. HP: 28/44 MP: 4/4
  1777 | D:3      | Found a snail-covered altar of Cheibriados.
  2003 | D:3      | Found a hide-covered altar of Uskayaw.
  2011 | D:3      | Became a worshipper of Uskayaw the Reveler
  2102 | D:3      | Reached * piety under Uskayaw
  2166 | D:3      | Reached ** piety under Uskayaw
  2495 | D:3      | Found a hazy altar of Hepliaklqana.
  2632 | D:4      | Noticed Edmund
  2645 | D:4      | Reached *** piety under Uskayaw
  2646 | D:4      | Killed Edmund
  2646 | D:4      | Reached skill level 8 in Long Blades
  2646 | D:4      | Reached XP level 6. HP: 47/51 MP: 5/5
  2863 | D:4      | Reached skill level 1 in Invocations
  3299 | D:4      | Found a runed door.
  3317 | D:4      | Noticed an ice beast
  3325 | D:4      | Killed an ice beast
  3325 | D:4      | Reached skill level 9 in Long Blades
  3325 | D:4      | Reached XP level 7. HP: 23/57 MP: 5/7
  3503 | D:4      | Found Geph's Assorted Antiques.
  3511 | D:4      | Bought a tapered ivory wand for 112 gold pieces
  3593 | D:4      | Noticed Crazy Yiuf
  3603 | D:4      | Killed Crazy Yiuf
  3811 | D:5      | Entered Level 5 of the Dungeon
  4074 | D:5      | Found Tezariobb's Armour Boutique.
  4109 | D:5      | Noticed Ijyb
  4126 | D:5      | Killed Ijyb
  4162 | D:5      | Noticed Prince Ribbit
  4188 | D:5      | Slain by Prince Ribbit

Skill      XL: |  1  2  3  4  5  6 |
---------------+-------------------+-----
Long Blades    | 4 5 7 8 9 |  9.6
Fighting       | 3 |  3.9
Invocations    | 1 |  1.8
Throwing       | |  2.0
Dodging        | |  3.2

Action                   |  1- 3 |  4- 6 |  7- 9 || total
-------------------------+-------+-------+-------++-------
Melee: Long sword        |    72 |   171 |    57 ||   300
       Headbutt          |     8 |    34 |     9 ||    51
Throw: Throwing net      |       |       |     2 ||     2
Invok: Line Pass         |       |       |     1 ||     1
  Use: Scroll            |     6 |     6 |       ||    12
 Stab: Paralysed         |       |     1 |       ||     1
  Eat: Chunk             |     1 |     7 |     1 ||     9
       Fruit             |       |       |     1 ||     1
Armor: Scale mail        |     9 |       |       ||     9
       Leather armour    |     1 |       |       ||     1
       Plate armour      |    28 |   112 |    24 ||   164
Dodge: Dodged            |    34 |    50 |    11 ||    95
       Rpst.: Long sword |     6 |    10 |     4 ||    20
